 Dungeon Crawl Stone Soup version 0.31-a0-431-g88bdf31460 (webtiles) character file.

Game seed: 12558428443291287557

1801936 Flugkiller the Middleweight Champion (level 27, 224/224 HPs)
             Began as a Barachi Shapeshifter on July 30, 2023.
             Was a High Priest of Qazlal.
             Escaped with the Orb
             ... and 3 runes on July 31, 2023!
             The game lasted 01:34:54 (60060 turns).

Flugkiller the Middleweight Champion (BaSh)        Turns: 60060, Time: 01:34:54

Health: 224/224    AC: 18    Str: 22    XL:     27
Magic:  35/35      EV: 54    Int:  9    God:    Qazlal [*****.]
Gold:   1408       SH:  6    Dex: 21    Spells: 26/26 levels left

rFire   + .          .
                       - Unarmed
rCold   + . .        l - melded +2 shield of Resistance {rF++ rC++ Will++}
rNeg    . . .        b - melded +2 plate armour {Will+}
rPois   ∞            R - melded +2 helmet
rElec   +            (cloak currently unavailable)
rCorr   .            o - melded +1 pair of gloves {hurl}
SInv    .            V - melded +2 pair of boots
Will    +++..        W - amulet of faith
Stlth   +            f - ring of protection from fire
HPRegen 0.57/turn    c - ring of protection from cold
MPRegen 0.24/turn

%: repel missiles, faith
@: storm-form, flying, studying Armour
A: cleaving, insubstantial, flying, amphibious, (slowness 1), (strong legs 2),
+LOS, (iridescent scales 1), strong-willed 1, no potion heal 1
0: Orb of Zot
}: 3/15 runes: barnacled, silver, gossamer
a: Blinkbolt, Begin Untransformation, Renounce Religion, Upheaval, Elemental
Force, Disaster Area


You escaped.
You worshipped Qazlal.
Qazlal was extremely pleased with you.
You were a lightning-filled tempest!
You visited 9 branches of the dungeon, and saw 47 of its levels.
You visited the Abyss 1 time.
You visited 1 bazaar.
You also visited: Sewer, Ice Cave and Desolation.

You collected 9680 gold pieces.
You spent 8272 gold pieces at shops.

Inventory:

Missiles
 x - 7 throwing nets (quivered)
Armour
 b - a +2 plate armour of willpower (melded)
   (You took it off an orc warlord on level 1 of the Vaults)
 l - the +2 shield of Resistance (melded) {rF++ rC++ Will++}
   (You found it on level 5 of the Vaults)

   rF:        It greatly protects you from fire.
   rC:        It greatly protects you from cold.
   Will:      It greatly increases your willpower.
 o - a +1 pair of gloves of hurling (melded)
   (You bought it in a shop on level 2 of the Orcish Mines)
 R - a +2 helmet (melded)
   (You found it on level 11 of the Dungeon)
 V - a +2 pair of boots (melded)
   (You found it on level 2 of the Dungeon)
Jewellery
 a - the ring "Remmum" {Will+ rCorr Stlth+}
   (You found it on level 2 of the Dungeon)

   [ring of willpower]

   rCorr:     It protects you from acid and corrosion.
   Will:      It increases your willpower.
   Stlth:     It makes you more stealthy.
 c - a ring of protection from cold (right fist)
   (You found it on level 2 of the Lair of Beasts)
 f - a ring of protection from fire (left fist)
   (You found it on level 1 of the Spider Nest)
 i - a ring of see invisible
   (You found it on level 12 of the Dungeon)
 j - a ring of resist corrosion
   (You found it on level 3 of the Elven Halls)
 p - a ring of protection from fire
   (You took it off a deep elf death mage on level 3 of the Elven Halls)
 v - a +5 ring of evasion
   (You found it on level 4 of the Spider Nest)
 H - the ring of Desertification {AC+4 Str+3 Int+5}
   (You acquired it on level 14 of the Dungeon)

   [ring of protection]

   AC:        It affects your AC (+4).
   Str:       It affects your strength (+3).
   Int:       It affects your intelligence (+5).
 W - an amulet of faith (around neck)
   (You bought it in a shop on level 2 of the Orcish Mines)
Talismans
 G - a talisman of death
   (You bought it in a shop on level 4 of the Depths)
 O - a granite talisman
   (You found it in an ice cave)
 S - a storm talisman (active)
   (You took it off Sojobo on level 3 of the Vaults)
Wands
 g - a wand of mindburst (69)
   (You found it on level 3 of the Dungeon)
 A - a wand of paralysis (33)
   (You found it on level 6 of the Dungeon)
 D - a wand of iceblast (55)
   (You took it off an orc wizard on level 9 of the Dungeon)
 L - a wand of light (20)
   (You found it on level 1 of the Shoals)
Scrolls
 s - 11 scrolls of immolation
 t - 9 scrolls of teleportation
 u - 2 scrolls of enchant armour
 y - 2 scrolls of butterflies
 z - 2 scrolls of blinking
 J - 3 scrolls of silence
 K - 3 scrolls of fear
 M - 5 scrolls of fog
 P - 4 scrolls of vulnerability
 Q - 7 scrolls of torment
 U - 6 scrolls of poison
 Z - 3 scrolls of revelation
Potions
 d - 9 potions of might
 e - 3 potions of berserk rage
 h - 4 potions of haste
 k - 12 potions of mutation
 n - 4 potions of resistance
 q - 7 potions of curing
 r - 3 potions of enlightenment
 w - 4 potions of heal wounds
 B - 13 potions of ambrosia
 I - 6 potions of attraction
 N - 4 potions of invisibility
 T - 5 potions of magic
 Y - 3 potions of cancellation
Miscellaneous
 m - a sack of spiders
   (You found it on level 5 of the Vaults)
 E - a tin of tremorstones (2/2)
   (You found it on level 3 of the Vaults)
 F - a phial of floods
   (You found it on level 2 of the Spider Nest)
 X - a phantom mirror
   (You found it in an ice cave)


   Skills:
 - Level 20.0 Fighting
 - Level 4.0 Short Blades
 - Level 14.4 Armour
 + Level 18.6 Dodging
 O Level 27 Unarmed Combat
 - Level 16.0 Invocations
 - Level 6.0 Evocations
 O Level 27 Shapeshifting


You had 26 spell levels left.
You didn't know any spells.
Your spell library contained the following spells:

 Spells                   Type           Power      Damage    Failure   Level
 Apportation              Tloc           0%         N/A       38%         1
 Foxfire                  Conj/Fire      0%         2x1d4     38%         1
 Freeze                   Ice            0%         1d3       38%         1
 Kiss of Death            Conj/Necr      0%         2d5       38%         1
 Magic Dart               Conj           0%         1d3       38%         1
 Necrotise                Necr           0%         1d4       38%         1
 Shock                    Conj/Air       0%         1d3       38%         1
 Slow                     Hex            0%         N/A       38%         1
 Summon Small Mammal      Summ           0%         N/A       38%         1
 Blink                    Tloc           0%         N/A       52%         2
 Cigotuvi's Dreadful Rot  Necr/Pois/Air  0%         N/A       52%         2
 Ensorcelled Hibernation  Hex/Ice        0%         N/A       52%         2
 Lesser Beckoning         Tloc           0%         N/A       52%         2
 Momentum Strike          Conj/Tloc      0%         3d8       52%         2
 Passwall                 Tmut/Erth      0%         N/A       52%         2
 Poisonous Vapours        Pois/Air       0%         N/A       52%         2
 Scorch                   Fire           0%         2d5       52%         2
 Searing Ray              Conj           0%         2d4       52%         2
 Wereblood                Tmut           0%         N/A       52%         2
 Confusing Touch          Hex            0%         N/A       77%         3
 Dazzling Flash           Conj/Hex       0%         N/A       77%         3
 Frozen Ramparts          Ice            0%         1d1       77%         3
 Hailstorm                Conj/Ice       0%         3d3       77%         3
 Ignite Poison            Fire/Tmut/Pois 0%         N/A       77%         3
 Inner Flame              Hex/Fire       0%         N/A       77%         3
 Mephitic Cloud           Conj/Pois/Air  0%         N/A       77%         3
 Summon Guardian Golem    Hex/Summ       0%         N/A       77%         3
 Swiftness                Air            0%         N/A       77%         3
 Vampiric Draining        Necr           0%         2d6       77%         3
 Vhi's Electric Charge    Tloc/Air       0%         N/A       77%         3
 Volatile Blastmotes      Fire/Tloc      0%         2d10      77%         3
 Airstrike                Air            0%         2d(0-16)  99%         4
 Anguish                  Hex/Necr       0%         N/A       99%         4
 Animate Armour           Summ/Erth      0%         N/A       99%         4
 Animate Dead             Necr           0%         N/A       99%         4
 Cause Fear               Hex            0%         N/A       99%         4
 Dispel Undead            Necr           0%         3d6       99%         4
 Flame Wave               Conj/Fire      0%         2d4       99%         4
 Fulminant Prism          Conj/Hex       0%         3d5       99%         4
 Manifold Assault         Tloc           0%         N/A       99%         4
 Olgreb's Toxic Radiance  Pois           0%         N/A       99%         4
 Passage of Golubria      Tloc           0%         N/A       99%         4
 Sticky Flame             Conj/Fire      0%         2d3       99%         4
 Summon Ice Beast         Ice/Summ       0%         N/A       99%         4
 Summon Lightning Spire   Summ/Air       0%         N/A       99%         4
 Agony                    Necr           0%         N/A       100%        5
 Alistair's Intoxication  Tmut/Pois      0%         N/A       100%        5
 Arcjolt                  Conj/Air       0%         1d10      100%        5
 Borgnjor's Vile Clutch   Necr/Erth      0%         N/A       100%        5
 Freezing Cloud           Conj/Ice/Air   0%         6-21      100%        5
 Irradiate                Conj/Tmut      0%         3d11      100%        5
 Lee's Rapid Deconstruct  Erth           0%         3d4*      100%        5
 Silence                  Hex/Air        0%         N/A       100%        5
 Summon Mana Viper        Hex/Summ       0%         N/A       100%        5
 Yara's Violent Unravell  Hex/Tmut       0%         3d3       100%        5
 Death Channel            Necr           0%         N/A       100%        6
 Dispersal                Tloc           0%         N/A       100%        6
 Eringya's Noxious Bog    Tmut/Pois      0%         4d6       100%        6
 Simulacrum               Ice/Necr       0%         N/A       100%        6
 Starburst                Conj/Fire      0%         6d3       100%        6
 Summon Cactus Giant      Summ           0%         N/A       100%        6
 Enfeeble                 Hex            0%         N/A       100%        7
 Haunt                    Necr/Summ      0%         N/A       100%        7
 Malign Gateway           Summ/Tloc      0%         N/A       100%        7
 Monstrous Menagerie      Summ           0%         N/A       100%        7
 Orb of Destruction       Conj           0%         9d5       100%        7
 Spellforged Servitor     Conj/Summ      0%         N/A       100%        7
 Summon Hydra             Summ           0%         N/A       100%        7
 Borgnjor's Revivificati  Necr           0%         N/A       100%        8
 Discord                  Hex            0%         N/A       100%        8
 Disjunction              Tloc           0%         N/A       100%        8
 Ignition                 Fire           0%         3d3       100%        8
 Infestation              Necr           0%         N/A       100%        8
 Lehudib's Crystal Spear  Conj/Erth      0%         10d2      100%        8
 Maxwell's Capacitive Co  Air            0%         ∞         100%        8
 Summon Horrible Things   Summ           0%         N/A       100%        8
 Death's Door             Necr           0%         N/A       100%        9
 Polar Vortex             Ice            0%         N/A       100%        9


Dungeon Overview and Level Annotations

Branches:
Dungeon (15/15)            Temple (0/1) D:4            Lair (5/5) D:9
 Shoals (4/4) Lair:2       Spider (4/4) Lair:2        Slime (0/5) Lair:5
    Orc (2/2) D:11            Elf (3/3) Orc:2        Vaults (5/5) D:13
  Crypt (0/3) Vaults:2     Depths (4/4) D:15            Zot (5/5) Depths:4
  Sewer (visited)           IceCv (visited)         Desolation (visited)

Altars:
Dithmenos
Elyvilon
Fedhas
Gozag
Qazlal
Sif Muna
Trog
Vehumet
Wu Jian
Xom
Yredelemnul
Zin
The Shining One
Jiyva

Shops:
D:5 *   D:15 [   Orc:2 ?!?[(*[   Shoals:2 :   Shoals:3 *   Vaults:1 ([[
Vaults:2 *   Depths:4 *=[

Portals:
Hell: Depths:1 Depths:2 Depths:3 Depths:4
Abyss: Depths:3
Pandemonium: Depths:1 Depths:2
Ziggurat: Depths:1

Annotations:
D:3 1 runed translucent door, Crazy Yiuf
Elf:2 3 runed translucent doors
Zot:4 6 transporters, GrimJard's ghost, veteran MiFi


Innate Abilities, Weirdness & Mutations

You are a lightning-filled tempest!
Your electrical attacks strike out in all directions at once.
You are incredibly evasive.
Your insubstantial body is immune to petrification, constriction, and being set on fire You are flying.
Your armour is entirely melded.
You are incapable of wielding weapons or throwing items.
You are amphibious.
You are immune to poison.
((You cover ground slowly.))
((You can hop long distances.))
You have an extended range of vision and can be seen from far away.
((You are partially covered in iridescent scales. (AC +2)))
You are strong-willed. (Will+)
Potions are less effective at restoring your health.


Message History

Aiming: Blinkbolt
Press: ? - help, Dir - move target, f - Brimstone Fiend
Aim: a Brimstone Fiend (98% to hit)
The shock of your passage hits the Brimstone Fiend!!!
The Brimstone Fiend is heavily wounded.
You blink.
You blast the Brimstone Fiend!!!!
You kill the Brimstone Fiend!
Qazlal accepts your kill.
No target in view!
There is a stone staircase leading up here.
You fly upwards.
A soul eater comes into view.
There is a stone staircase leading down here.
(D) Dungeon (T) Temple (L) Lair (A) Shoals (N) Spider Nest (M) Slime Pits (O) Orcish Mines (E) Elven Halls (V) Vaults (C) Crypt (U) Depths (H) Hell (Z) Zot
Where to? (Enter - D:1 @ (x,y), ? - help)
Okay, then.
A demonspawn black sun comes into view. It is wielding a +0 glaive.
The demonspawn black sun shouts!
There is a stone staircase leading up here.
You fly upwards.
There is a stone staircase leading down here.
(D) Dungeon (T) Temple (L) Lair (A) Shoals (N) Spider Nest (M) Slime Pits (O) Orcish Mines (E) Elven Halls (V) Vaults (C) Crypt (U) Depths (H) Hell (Z) Zot
Where to? (Enter - D:1 @ (x,y), ? - help)
You hear an angry hiss.
You feel energetic enough to blinkbolt again.
You hear an angry hiss.
You hear an angry hiss.
An adder comes into view.
You see here 2 stones.
You batter the adder!!
You kill the adder!
Qazlal accepts your kill.
No target in view!
No target in view!
(D) Dungeon (T) Temple (L) Lair (A) Shoals (N) Spider Nest (M) Slime Pits (O) Orcish Mines (E) Elven Halls (V) Vaults (C) Crypt (U) Depths (H) Hell (Z) Zot
Where to? (Enter - D:1 @ (x,y), ? - help)
You hear a shout!
There is an escape hatch in the floor here.
HP restored.
You hear a chilling moan.
You hear a shout!
You hear a shout!
A demonspawn black sun comes into view. It is wielding a +0 great sword.
Unknown command.
The demonspawn black sun utters an invocation to Kikubaaqudgha.
The demonspawn black sun begins absorbing vital energies!
There is a stone staircase leading up here.
You fly upwards.
There is a stone staircase leading down here.
(D) Dungeon (T) Temple (L) Lair (A) Shoals (N) Spider Nest (M) Slime Pits (O) Orcish Mines (E) Elven Halls (V) Vaults (C) Crypt (U) Depths (H) Hell (Z) Zot
Where to? (Enter - D:1 @ (x,y), ? - help)
A Hell Sentinel comes into view.
You batter the Hell Sentinel!!
The Hell Sentinel is moderately wounded.
You blast the Hell Sentinel!!!
The Hell Sentinel is heavily wounded.
You blast the Hell Sentinel!!!!
You kill the Hell Sentinel!
Qazlal accepts your kill.
No target in view!
(D) Dungeon (T) Temple (L) Lair (A) Shoals (N) Spider Nest (M) Slime Pits (O) Orcish Mines (E) Elven Halls (V) Vaults (C) Crypt (U) Depths (H) Hell (Z) Zot
Where to? (Enter - D:1 @ (x,y), ? - help)
There is a stone staircase leading up here.
You fly upwards.
Level annotation: 1 runed translucent door, Crazy Yiuf
There is a stone staircase leading down here.
There is a stone staircase leading down here.
There is a stone staircase leading up here.
You fly upwards.
There is a stone staircase leading down here.
You see here 4 stones.
There is a stone staircase leading up here.
You fly upwards.
There is a stone staircase leading down here.
There is an open gate here.
There is an open door here.
There is a staircase leading out of the dungeon here.
Enter note: gg You are a lightning-filled tempest!
You are flying.
You are studying Armour.
Your flying speed is average.
Your attack delay is about 0.5.
Your damage rating with unarmed combat is about 107 (Base [35 + 27 (UC)] x 130% (Str) x 133% (Fight)).
Unknown command.
Enter note: 107 base damage You have escaped!

##...............♣
....♣.♣#'''#♣.♣..♣
....♣###...###♣♣.♣
.♣♣♣##.......# ♣♣♣
♣♣####..8.8..####
###..#.......#..###
#....#.8...8.'....#
#....#...⌠...#.○..#
#.⌠..'.8...8.#..v○#
#....#...8...#....#
###################


There were no monsters in sight!

Vanquished Creatures
  A pandemonium lord (Zot:3)
  A dread lich (Zot:5)
  12 ancient liches
  4 orbs of fire
  2 juggernauts
  Sojobo (Vaults:3)
  Vv (Depths:3)
  4 Killer Klowns (Zot:5)
  Xtahua (Depths:3)
  3 shard shrikes (Depths:2)
  3 curse toes
  8 golden dragons
  4 bone dragons
  A Brimstone Fiend (D:7)
  3 doom hounds (Zot:3)
  The ghost of Ciuzocro the Blocker, an adept GnFi of Gozag (Shoals:3)
  4 electric golems
  A hellephant (Depths:3)
  3 Tzitzimimeh
  Jorgrun (Orc:1)
  An Ice Fiend (Depths:2)
  17 tentacled monstrosities
  A walking crystal tome (Zot:2)
  A Hell Sentinel (D:4)
  28 Orb Guardians
  3 deep elf master archers (Elf:3)
  2 liches
  3 walking frostbound tomes
  2 titans
  3 deep elf blademasters (Elf:3)
  Grunn (Zot:3)
  4 quicksilver dragons
  14 death cobs
  Gastronok (Lair:1)
  7 sphinxes
  A kraken (Shoals:2)
  An azure jelly (Depths:2)
  8 shadow dragons
  Aizul (Vaults:3)
  A storm dragon (shapeshifter) (Vaults:5)
  Roxanne (Elf:2)
  Agnes (Spider:1)
  7 draconian monks
  22 storm dragons
  12 tengu reavers
  3 narguns (Zot:2)
  3 draconian knights
  6 deep elf sorcerers
  A fire giant (Depths:1)
  16 vault wardens
  2 iron dragons
  11 frost giants
  7 draconian scorchers
  2 imperial myrmidons (Desolation)
  3 emperor scorpions
  6 ghost moths
  Louise (Spider:2)
  6 draconian stormcallers
  3 orc warlords
  15 stone giants
  7 deep elf elementalists
  3 formless jellyfish
  3 draconian annihilators
  4 draconian shifters
  The ghost of Vetorr the Bludgeoner, a journeyman MiFi of Hepliaklqana (D:15)
  2 caustic shrike zombies (Depths:2)
  A spriggan defender (Depths:3)
  A reaper (Zot:3)
  6 broodmothers
  22 very ugly things
  13 ironbound thunderhulks
  7 green draconians
  18 ironbound preservers
  2 vampire knights
  7 deep elf demonologists
  9 deep elf annihilators
  2 halazid warlocks (Desolation)
  5 black draconians
  11 purple draconians
  8 white draconians
  25 dire elephants
  7 yellow draconians
  12 red draconians
  9 spark wasps
  5 merfolk javelineers
  A deep elf death mage (Elf:3)
  Josephine (D:11)
  A blizzard demon (Depths:2)
  12 ettins
  A green death (Abyss:2)
  11 merfolk impalers
  11 yaktaur captains
  5 crystal guardians
  2 jiangshi (Depths:4)
  6 fire dragons
  6 ragged hierophants (Desolation)
  6 great orbs of eyes
  6 deep elf high priests
  8 servants of whispers (Desolation)
  8 hydras
  A hell beast (Depths:3)
  Harold (D:10)
  6 ice dragons
  8 peacekeepers
  4 entropy weavers
  33 vault guards
  A juggernaut simulacrum (Depths:2)
  2 rakshasas
  7 merfolk avatars
  A death knight (D:14)
  2 jorogumos
  2 alligator snapping turtles (Shoals:4)
  10 ironbound frosthearts
  16 centaur warriors
  2 caustic shrike simulacra
  6 two-headed ogres
  2 radroaches
  25 dancing weapons
  9 boulder beetles
  4 vampire magi
  3 merfolk aquamancers (Shoals:4)
  7 deep troll shamans
  9 tengu warriors
  2 satyrs
  2 deep troll earth magi
  A hell hog (Depths:3)
  A death yak (Lair:1)
  7 demonic crawlers
  9 orc high priests
  2 spriggan berserkers (Depths:4)
  Sonja (Orc:1)
  9 deep elf knights
  Urug (Orc:2)
  2 thrashing horrors (Abyss:2)
  13 hell knights
  4 sun demons
  A wretched star (Abyss:2)
  A storm dragon zombie (D:15)
  Amaemon (D:10)
  7 skeletal warriors
  A salamander mystic (Depths:3)
  7 skysharks
  2 sun moths (Spider:3)
  6 iron trolls
  2 sixfirhies
  5 pharaoh ants
  A spatial maelstrom (Abyss:2)
  53 deep trolls
  Lodul (D:9)
  16 orb spiders
  A flayed ghost (Vaults:3)
  10 sea snakes
  14 deep elf archers
  A death drake (shapeshifter) (Vaults:5)
  6 glowing orange brains
  Pikel (D:7)
  8 steelbarb worms
  An orange crystal statue (IceCv)
  24 ironbound convokers
  A shadow demon (Depths:1)
  19 deep elf zephyrmancers
  3 necromancers
  7 phantasmal warriors
  7 wizards
  11 orc knights
  22 deep elf pyromancers
  22 harpies
  45 ugly things
  4 orc sorcerers
  7 fauns (Shoals:2)
  3 salamanders (Depths:3)
  21 wolf spiders
  2 stone giant zombies
  33 moths of wrath
  7 cyclopes
  8 elephants
  16 manticores
  7 merfolk sirens
  4 black mambas
  Joseph (D:10)
  3 guardian serpents (Desolation)
  An ice statue (Shoals:3)
  19 vault sentinels
  6 water nymphs
  A smoke demon (D:8)
  Maurice (Orc:2)
  3 orange demons
  A stone giant skeleton (D:15)
  A gargoyle (D:13)
  19 cane toads
  3 rust devils
  A molten gargoyle (Desolation)
  A torpor snail (shapeshifter) (Depths:3)
  8 torpor snails
  2 unseen horrors (D:11)
  9 rime drakes
  A komodo dragon (shapeshifter) (Depths:1)
  2 anaconda simulacra (IceCv)
  10 komodo dragons
  24 yaktaurs
  A spectral water nymph (Shoals:3)
  2 tormentors
  An efreet (D:13)
  An ancient zyme (Abyss:2)
  An ice devil (Depths:1)
  3 tengu conjurers
  A guardian mummy (D:15)
  14 freezing wraiths
  4 trolls
  3 polar bears (Lair:5)
  2 red devils
  33 merfolk
  A shadow dragon simulacrum (Depths:2)
  6 wind drakes
  A meliai (Spider:4)
  3 hornets
  A sphinx simulacrum (Depths:2)
  A tarantella (shapeshifter) (D:13)
  24 blink frogs
  A harpy skeleton (Abyss:2)
  24 tarantellas
  52 saltlings (Desolation)
  Grinder (D:3)
  2 spectral merfolk (Shoals:3)
  16 snapping turtles
  A spectral manticore (Shoals:3)
  4 raiju (Abyss:2)
  6 dream sheep
  An ettin zombie (Depths:2)
  21 jumping spiders
  72 slime creatures
  A centaur simulacrum (D:14)
  A flying skull (Abyss:2)
  2 shadows
  An air elemental (Elf:3)
  7 wraiths
  7 wyverns
  20 culicivoras
  Sigmund (D:3)
  2 vampires
  A dire elephant simulacrum (IceCv)
  16 water elementals
  2 ynoxinuls (Abyss:2)
  4 basilisks
  A fire elemental (Elf:2)
  51 yaks
  10 vampire mosquitoes
  A sea snake simulacrum (Shoals:3)
  A spatial vortex (Abyss:2)
  2 chaos spawn
  34 redbacks
  3 wargs
  A glowing shapeshifter zombie (D:15)
  A spriggan simulacrum (Depths:2)
  4 acid dragons
  14 water moccasins
  A floating eye (shapeshifter) (Vaults:4)
  3 hell hounds (Abyss:2)
  A glowing shapeshifter skeleton (Depths:2)
  32 orc warriors
  3 ice beasts
  A black bear (D:7)
  3 alligator simulacra (IceCv)
  A boggart (D:14)
  An ettin simulacrum (IceCv)
  13 ogres
  14 centaurs
  9 starcursed masses (Abyss:2)
  A wind drake simulacrum (Shoals:3)
  19 wolves
  A phantom (D:7)
  3 kobold brigands
  3 small abominations (Abyss:2)
  10 bullfrogs
  A gnoll sergeant (D:13)
  A scorpion (D:7)
  4 merfolk simulacra (Shoals:3)
  8 wights
  12 killer bees
  7 howler monkeys
  6 electric eels
  3 hounds
  3 jellies
  2 gnoll boudas
  26 orc priests
  A sleepcap (D:5)
  Natasha (thrice) (D:3)
  20 orc wizards
  A boggart simulacrum (D:15)
  17 gnolls
  11 adders
  A shadow imp (D:7)
  2 white imps
  An ufetubus (Abyss:2)
  A worm (D:2)
  67 orcs
  5 ball pythons
  17 bats
  13 endoplasms
  5 giant cockroaches
  9 goblins
  9 hobgoblins
  8 jackals
  17 kobolds
  3 quokkas
  3 frilled lizards
  9 rats
  A butterfly (Lair:5)
  3 tentacles (Shoals:2)
2224 creatures vanquished.

Vanquished Creatures (collateral kills)
  A shadow dragon (Vaults:5)
  A pharaoh ant (Spider:4)
  A tarantella (Spider:4)
3 creatures vanquished.

Vanquished Creatures (others)
  An ancient lich (Zot:4)
  A lich (Depths:1)
  A draconian scorcher (Depths:4)
  A fire dragon (Depths:4)
  A tengu warrior (Depths:3)
  A deep elf knight (Elf:2)
  2 wizards (Vaults:3)
  2 deep elf zephyrmancers
  3 jumping spiders
  4 redbacks
  A lurking horror (Abyss:2)
  8 tentacles (Shoals:2)
26 creatures vanquished.

Grand Total: 2253 creatures vanquished

Notes
Turn   | Place    | Note
-------+----------+-------------------------------------------
     0 | D:1      | Flugkiller the Barachi Shapeshifter began the quest for the
                  | Orb.
     0 | D:1      | Reached XP level 1. HP: 15/15 MP: 1/1
    89 | D:1      | Reached XP level 2. HP: 9/22 MP: 2/2
   391 | D:1      | Reached XP level 3. HP: 25/27 MP: 3/3
   563 | D:1      | Found a faded altar of an unknown god.
   563 | D:1      | Noticed a green death
   709 | D:1      | Prayed at the altar of an unknown god.
   709 | D:1      | Became a worshipper of Qazlal Stormbringer
   709 | D:1      | Reached * piety under Qazlal
   930 | D:2      | Identified the ring "Remmum" {Will+ rCorr Stlth+}
  1178 | D:2      | Reached XP level 4. HP: 31/34 MP: 4/4
  1621 | D:2      | Reached ** piety under Qazlal
  1677 | D:2      | Reached XP level 5. HP: 39/41 MP: 5/5
  1915 | D:3      | Found a glowing drain.
  1915 | D:3      | Noticed Natasha
  1927 | D:3      | Killed Natasha
  1941 | Sewer    | Entered a sewer
  1959 | Sewer    | Noticed a water moccasin
  1973 | Sewer    | Killed a water moccasin
  1974 | Sewer    | Reached skill level 5 in Shapeshifting
  1974 | Sewer    | Reached XP level 6. HP: 29/49 MP: 6/6
  2124 | D:3      | Found an ornate altar of the Wu Jian Council.
  2168 | D:3      | Noticed Grinder
  2168 | D:3      | Paralysed by Grinder for 3 turns
  2185 | D:3      | Paralysed by Grinder for 5 turns
  2190 | D:3      | Killed Grinder
  2191 | D:3      | Reached skill level 5 in Fighting
  2191 | D:3      | Reached XP level 7. HP: 40/56 MP: 7/7
  2267 | D:3      | Identified the +8 hammer of Equilibrium {antimagic, rF+
                  | rCorr Str-3 Dex+5}
  2272 | D:3      | Found a runed translucent door.
  2273 | D:3      | Noticed Crazy Yiuf
  2302 | D:3      | Noticed Natasha
  2306 | D:3      | Killed Natasha
  2341 | D:3      | Noticed Natasha
  2348 | D:3      | Killed Natasha
  2438 | D:3      | Noticed Sigmund
  2445 | D:3      | Killed Sigmund
  2746 | D:4      | Found a basalt altar of Yredelemnul.
  2829 | D:4      | Found a shimmering blue altar of Sif Muna.
  2879 | D:4      | Found a staircase to the Ecumenical Temple.
  3199 | D:5      | Entered Level 5 of the Dungeon
  3298 | D:5      | Found Zehu's Lightly-Used Armoury.
  3385 | D:5      | Reached skill level 1 in Short Blades
  3385 | D:5      | Reached XP level 8. HP: 64/64 MP: 8/8
  3445 | D:5      | Reached *** piety under Qazlal
  4320 | D:6      | Found a bloodstained altar of Trog.
  4329 | D:6      | Reached skill level 1 in Invocations
  4329 | D:6      | Reached XP level 9. HP: 65/69 MP: 9/9
  4824 | D:7      | Found a glowing silver altar of Zin.
  5407 | D:7      | Reached skill level 10 in Shapeshifting
  5444 | D:8      | Noticed Pikel
  5463 | D:7      | Killed Pikel
  5789 | D:8      | Reached XP level 10. HP: 61/77 MP: 13/13
  6792 | D:9      | Reached skill level 5 in Dodging
  6916 | D:9      | Reached **** piety under Qazlal
  7037 | D:9      | Noticed a two-headed ogre
  7043 | D:9      | Killed a two-headed ogre
  7044 | D:9      | Reached skill level 5 in Evocations
  7119 | D:9      | Noticed a two-headed ogre
  7124 | D:9      | Killed a two-headed ogre
  7212 | D:9      | Found a staircase to the Lair.
  7317 | D:9      | Reached skill level 5 in Unarmed Combat
  7601 | D:9      | Found a shadowy altar of Dithmenos.
  7666 | D:10     | Entered Level 10 of the Dungeon
  7666 | D:10     | Noticed Lodul
  7678 | D:9      | Killed Lodul
  7679 | D:9      | Reached skill level 5 in Invocations
  7683 | D:9      | Reached XP level 11. HP: 60/84 MP: 13/15
  8073 | D:10     | Noticed Joseph
  8089 | D:10     | Killed Joseph
  8216 | D:10     | Noticed Amaemon
  8299 | D:10     | Killed Amaemon
  8734 | D:10     | Noticed Harold
  8749 | D:10     | Killed Harold
  8787 | D:10     | Reached skill level 10 in Unarmed Combat
  9324 | D:11     | Found a staircase to the Orcish Mines.
  9473 | D:11     | Noticed a boulder beetle
  9473 | D:11     | Noticed a two-headed ogre
  9484 | D:11     | Killed a two-headed ogre
  9502 | D:11     | Killed a boulder beetle
  9527 | D:11     | Reached XP level 12. HP: 28/91 MP: 8/16
  9617 | D:11     | Reached skill level 1 in Armour
  9636 | D:11     | Found a flickering gateway to a bazaar.
  9642 | Bazaar   | Entered a bazaar
  9795 | Bazaar   | Found Maewakosas's Book Shop.
  9808 | Bazaar   | Found Nufoollee's Book Shop.
  9869 | Bazaar   | Bought Maxwell's Memoranda for 228 gold pieces
 10558 | D:11     | Noticed a two-headed ogre
 10565 | D:11     | Killed a two-headed ogre
 10664 | D:11     | Found an opulent altar of Gozag.
 10859 | Lair:1   | Entered Level 1 of the Lair of Beasts
 11065 | Lair:1   | Noticed Gastronok
 11081 | Lair:1   | Killed Gastronok
 11082 | Lair:1   | Reached skill level 5 in Armour
 12030 | Lair:1   | Got the Compendium of the Gestalt and Hyperthermia
 12566 | Lair:2   | Noticed a death yak
 12582 | Lair:1   | Killed a death yak
 12584 | Lair:2   | Noticed an eight-headed hydra
 12970 | Lair:1   | Gained mutation: You can hop long distances. [Barachi
                  | growth]
 12970 | Lair:1   | Reached XP level 13. HP: 68/98 MP: 17/17
 13391 | Lair:2   | Found a staircase to the Shoals.
 13835 | Lair:2   | Found a hole to the Spider Nest.
 14627 | Lair:2   | Upgraded the game from 0.31-a0-426-g3a05650e59 to
                  | 0.31-a0-431-g88bdf31460
 15043 | Lair:3   | Reached ***** piety under Qazlal
 15685 | Lair:3   | Reached skill level 10 in Fighting
 16549 | Lair:4   | Reached XP level 14. HP: 88/111 MP: 20/20
 16791 | Lair:4   | Reached skill level 10 in Armour
 16852 | Lair:4   | Identified the +0 scale mail "Ylov" {rC+ Regen+}
 17588 | Lair:5   | Entered Level 5 of the Lair of Beasts
 18166 | Lair:5   | Found a viscous altar of Jiyva.
 18167 | Lair:5   | Found a staircase to the Slime Pits.
 18222 | Lair:5   | Identified the +2 mace of Mizout {elec, rF+}
 18623 | Lair:5   | Identified a scroll of acquirement
 20049 | D:13     | Identified the ring "Plog" {rPois Dex+3}
 20151 | D:13     | Reached skill level 15 in Unarmed Combat
 20161 | D:13     | Found a gate to the Vaults.
 20182 | D:13     | Reached XP level 15. HP: 111/122 MP: 22/22
 20187 | D:13     | Reached skill level 10 in Invocations
 20214 | D:13     | HP: 1/122 [vault guard/+0 halberd (14)]
 21052 | D:13     | Found a bloodstained altar of Trog.
 22030 | D:15     | Entered Level 15 of the Dungeon
 22030 | D:15     | Found a staircase to the Depths.
 22676 | D:14     | Acquired 628 gold pieces
 22678 | D:14     | Acquired the ring of Desertification {AC+4 Str+3 Int+5}
 23011 | D:15     | Noticed Nessos
 23020 | D:15     | Nessos changed into Nessos the two-headed ogre
 23020 | D:15     | Noticed Nessos
 23025 | D:15     | Killed Nessos the two-headed ogre
 23036 | D:15     | Reached skill level 10 in Dodging
 23135 | D:15     | Found Erarr's Antique Armour Emporium.
 23141 | D:15     | Found a runed translucent door.
 23141 | D:15     | Found a shimmering altar of Xom.
 23141 | D:15     | Noticed Vetorr's ghost (journeyman MiFi)
 23478 | D:15     | Bought a crude cloak for 361 gold pieces
 23478 | D:15     | Identified the +4 cloak of Peek-a-Boo {Drain *Slow rN+++
                  | Str+4} (You bought it in a shop on level 15 of the Dungeon)
 23785 | Orc:1    | Entered Level 1 of the Orcish Mines
 23785 | Orc:1    | Noticed Josephine
 23789 | Orc:1    | Noticed Jorgrun
 23790 | Orc:1    | Noticed Sonja
 23791 | Orc:1    | Killed Sonja
 23792 | Orc:1    | Reached XP level 16. HP: 91/128 MP: 16/25
 23800 | D:11     | Killed Josephine
 23870 | Orc:1    | Killed Jorgrun
 24303 | Orc:2    | Entered Level 2 of the Orcish Mines
 24303 | Orc:2    | Found Vusmide's Armour Emporium.
 24344 | Orc:2    | Noticed Urug
 24352 | Orc:2    | Killed Urug
 24428 | Orc:2    | Found Oziov's Distillery.
 24431 | Orc:2    | Found a staircase to the Elven Halls.
 24435 | Orc:2    | Found Qadweile's Magic Scroll Shoppe.
 24489 | Orc:2    | Bought a potion of mutation for 120 gold pieces
 24489 | Orc:2    | Bought a potion of curing for 45 gold pieces
 24489 | Orc:2    | Bought a potion of curing for 45 gold pieces
 24489 | Orc:2    | Bought 2 potions of might for 120 gold pieces
 24489 | Orc:2    | Bought a potion of might for 60 gold pieces
 24489 | Orc:2    | Bought a potion of curing for 45 gold pieces
 24813 | Orc:2    | Noticed Maurice
 24827 | Orc:2    | Killed Maurice
 24960 | Orc:2    | Found Weoshyo's General Store.
 24962 | Orc:2    | Found Zigauh's Magic Scroll Emporium.
 24962 | Orc:2    | Found Vyetyr's Armour Shoppe.
 24963 | Orc:2    | Found Josuxkur's Weapon Emporium.
 24970 | Orc:2    | Bought a scroll of enchant armour for 127 gold pieces
 24973 | Orc:2    | Bought a potion of heal wounds for 65 gold pieces
 24973 | Orc:2    | Bought a potion of heal wounds for 65 gold pieces
 24973 | Orc:2    | Bought an amulet of faith for 520 gold pieces
 25648 | Shoals:1 | Entered Level 1 of the Shoals
 26069 | Shoals:1 | Gained mutation: You are strong-willed. (Will+) [potion of
                  | mutation]
 27340 | Shoals:2 | Noticed a kraken
 27355 | Shoals:2 | Killed a kraken
 27812 | Shoals:2 | Found Ucuzieniy's Self-Improvement Boutique.
 28011 | Shoals:2 | Bought a manual of Armour for 1280 gold pieces
 28090 | Shoals:2 | Reached XP level 17. HP: 69/139 MP: 26/26
 28651 | Shoals:3 | Found a frozen archway.
 28764 | IceCv    | Entered an ice cave
 28777 | IceCv    | Reached skill level 15 in Shapeshifting
 29011 | IceCv    | Found a transporter.
 29018 | IceCv    | Found a transporter.
 29018 | IceCv    | Identified the +0 pair of boots of Gallantry {-Cast rElec
                  | rN++}
 29416 | Shoals:3 | Found a runed translucent gate.
 29417 | Shoals:3 | Found a runed translucent gate.
 29418 | Shoals:3 | Found a runed translucent gate.
 29866 | Shoals:3 | Found Ytzabihe's General Store.
 29942 | Shoals:3 | Noticed Ciuzocro's ghost (adept GnFi)
 30062 | Shoals:3 | Killed Ciuzocro's ghost
 30196 | Shoals:3 | Acquired 1021 gold pieces
 30228 | Shoals:4 | Entered Level 4 of the Shoals
 31236 | Shoals:4 | Got a barnacled rune of Zot
 31575 | Spider:1 | Entered Level 1 of the Spider Nest
 31644 | Spider:1 | Reached XP level 18. HP: 146/146 MP: 27/27
 31790 | Spider:1 | Identified the +1 spear of Melee {venom, rCorr}
 32078 | Spider:1 | Noticed Agnes
 32083 | Spider:1 | Killed Agnes
 32389 | Spider:2 | Noticed Louise
 32400 | Spider:2 | Killed Louise
 33886 | Spider:3 | Reached skill level 15 in Fighting
 35017 | Spider:4 | Entered Level 4 of the Spider Nest
 35344 | Spider:4 | Reached XP level 19. HP: 68/153 MP: 23/29
 35601 | Spider:4 | Got a gossamer rune of Zot
 36544 | Vaults:1 | Entered Level 1 of the Vaults
 36649 | Vaults:1 | Found Nuviechitiji's Antique Armour Emporium.
 37149 | Vaults:1 | Found Lyufab's Weapon Emporium.
 37153 | Vaults:1 | Found Wofraraff's Armour Boutique.
 37346 | Vaults:1 | Identified the +1 chain mail of Seabeicw {rF++ Dex+2}
 37724 | Vaults:1 | Reached skill level 15 in Invocations
 38178 | Vaults:2 | Reached ****** piety under Qazlal
 38199 | Vaults:2 | Reached XP level 20. HP: 159/164 MP: 31/31
 38509 | Vaults:2 | Noticed a bone dragon
 38519 | Vaults:2 | Killed a bone dragon
 38639 | Vaults:2 | Found a staircase to the Crypt.
 38725 | Vaults:2 | Found Gennih's General Store.
 39118 | Vaults:3 | Noticed Aizul
 39127 | Vaults:3 | Killed Aizul
 39391 | Vaults:2 | Bought a scroll of teleportation for 63 gold pieces
 39391 | Vaults:2 | Bought a potion of cancellation for 168 gold pieces
 39519 | D:15     | Killed Vetorr's ghost
 39755 | Orc:2    | Bought a scroll of teleportation for 51 gold pieces
 39956 | Vaults:3 | Noticed Sojobo
 39965 | Vaults:3 | Killed Sojobo
 40417 | Abyss:2  | Cast into level 2 of the Abyss (a wizard)
 40507 | Abyss:2  | Paralysed by accursed screaming for 1 turns
 40528 | Abyss:2  | Noticed an ancient lich
 40536 | Abyss:2  | Killed an ancient lich
 40642 | Abyss:2  | Noticed a bone dragon
 40658 | Abyss:2  | Killed a bone dragon
 40661 | Vaults:3 | Escaped the Abyss
 40737 | Vaults:3 | Reached XP level 21. HP: 171/171 MP: 33/33
 41869 | Vaults:4 | Identified the +0 cloak of Terrible Mirth {rC+ Dex+3}
 42342 | Vaults:4 | Paralysed by a floating eye for 4 turns
 42621 | Depths:1 | Entered Level 1 of the Depths
 42923 | Depths:1 | Found a blossoming altar of Fedhas.
 42977 | Depths:1 | Found a gateway to Hell.
 43043 | Depths:1 | Found a one-way gateway to a ziggurat.
 43111 | Depths:1 | Noticed a juggernaut
 43118 | Depths:1 | Killed a juggernaut
 43119 | Depths:1 | Reached XP level 22. HP: 178/178 MP: 34/34
 43361 | Depths:1 | Found a one-way gate leading to the halls of Pandemonium.
 43685 | Depths:1 | Identified the +9 mace "Matonkuh" {pain, Drain rCorr Str+2
                  | Dex+2}
 44260 | Depths:2 | Identified the +6 scale mail of Immorality {Str+2}
 44580 | Depths:2 | Noticed a shard shrike
 44606 | Depths:2 | Noticed a shard shrike
 44606 | Depths:2 | Noticed a shard shrike
 44614 | Depths:2 | Killed a shard shrike
 44614 | Depths:2 | Killed a shard shrike
 44615 | Depths:2 | Killed a shard shrike
 45424 | Depths:2 | Found a glowing golden altar of the Shining One.
 45509 | Depths:3 | Reached skill level 15 in Dodging
 45593 | Depths:3 | Noticed Vv
 45616 | Depths:3 | Killed Vv
 45617 | Depths:3 | Reached XP level 23. HP: 83/188 MP: 35/35
 45920 | Depths:3 | Noticed Xtahua
 45932 | Depths:3 | Killed Xtahua
 46178 | Depths:3 | Found a one-way gate to the infinite horrors of the Abyss.
 46220 | Depths:3 | You are sucked into a shaft and drop 1 floor!
 46220 | Depths:4 | Entered Level 4 of the Depths
 46295 | Depths:4 | Found Fili's Assorted Antiques.
 46296 | Depths:4 | Found Jiravoh's Jewellery Shop.
 46298 | Depths:4 | Found Ussyzan's Armour Boutique.
 46378 | Depths:4 | Noticed a golden dragon
 46403 | Depths:4 | Killed a golden dragon
 46442 | Depths:4 | Found a gate to the Realm of Zot.
 46557 | Depths:4 | Noticed a juggernaut
 46567 | Depths:4 | Killed a juggernaut
 46570 | Depths:4 | Found a stormy altar of Qazlal.
 47008 | Depths:3 | Found a white marble altar of Elyvilon.
 47336 | Vaults:5 | Entered Level 5 of the Vaults
 47457 | Vaults:5 | Reached XP level 24. HP: 70/199 MP: 35/35
 47569 | Vaults:5 | Noticed an ancient lich
 47853 | Vaults:5 | Acquired 900 gold pieces
 48173 | Vaults:5 | Found the +2 shield of Resistance {rF++ rC++ Will++}
 48177 | Vaults:5 | Got Ruoqeeva's Starting Thaumaturgy
 48288 | Vaults:5 | Killed an ancient lich
 48299 | Vaults:5 | Got a silver rune of Zot
 48376 | Vaults:5 | Identified the +0 hand axe "Timy" {drain, *Noise rF++ rC+
                  | Will+}
 48648 | Vaults:5 | Identified the +7 short sword "Aubergine" {speed, Int+3
                  | Stlth+}
 48654 | Vaults:5 | Got the Spellbook of the Fey Gang
 48956 | Vaults:1 | Bought masterwork fire dragon scales for 2470 gold pieces
 48956 | Vaults:1 | Identified the +0 fire dragon scales "Pobi Yfa" {rF++ rC-
                  | Regen+ Str+3} (You bought it in a shop on level 1 of the
                  | Vaults)
 49136 | Depths:4 | Bought a talisman of death for 2274 gold pieces
 49580 | Orc:2    | Bought a +1 pair of gloves of hurling for 165 gold pieces
 49694 | Elf:1    | Entered Level 1 of the Elven Halls
 49941 | Elf:1    | Got the Precepts of the Comitatus
 50556 | Elf:2    | Found a radiant altar of Vehumet.
 50642 | Elf:2    | Found a crumbling gateway.
 50652 | Desolati | Entered the Desolation of Salt
 50900 | Desolati | Identified the +0 pair of boots "Hidanerch" {Regen+ SInv}
 50904 | Desolati | Identified the +1 robe of Honour {rN+ Will+ Str-5}
 50906 | Desolati | Got the Precepts of Hoarfrost
 51010 | Desolati | Reached XP level 25. HP: 210/210 MP: 35/35
 51059 | Desolati | Got Vuhecho's Precepts of the Sphinx
 51066 | Desolati | Got the Catalogue of Imprecation and the Wind
 51069 | Desolati | Identified the ring "Tovan" {Fly rElec Str-5 Int+4}
 51342 | Desolati | Identified the ring "Atusirgh" {Fly Dex+2 SInv Stlth-}
 51479 | Elf:2    | Noticed Roxanne
 51489 | Elf:2    | Killed Roxanne
 51712 | Elf:2    | Found a runed translucent gate.
 51712 | Elf:2    | Found a runed translucent gate.
 51713 | Elf:2    | Found a runed translucent gate.
 51915 | Elf:3    | Entered Level 3 of the Elven Halls
 52750 | Elf:3    | Identified the staff "Geczir" {rElec rCorr Dex-3 SInv
                  | Earth}
 52824 | Elf:3    | Identified the +4 mace "Camohy" {elec, rPois Str+3}
 52846 | Elf:3    | Identified the staff of the Fool {Drain rN+ Str+4 Dex+3
                  | Necro}
 52888 | Elf:3    | Found the +13 scythe of Curses {drain, curses, Drain}
 52922 | Elf:3    | Identified the +0 halberd "Herepox" {vamp, *Slow rF- rC+
                  | Dex+8}
 53366 | Zot:1    | Entered Level 1 of the Realm of Zot
 54757 | Zot:2    | Identified the +7 double sword "Ammif" {flame, Fragile rF++
                  | rN+}
 54988 | Zot:2    | Identified the +9 double sword of Laceration {heavy, rCorr
                  | Str-5 Dex+5}
 54998 | Zot:2    | Reached XP level 26. HP: 218/218 MP: 35/35
 55146 | Zot:3    | Reached skill level 27 in Unarmed Combat
 55336 | Zot:3    | Noticed an orb of fire
 55343 | Zot:3    | Gained mutation: You are partially covered in iridescent
                  | scales. (AC +2) [an orb of fire]
 55345 | Zot:3    | Killed an orb of fire
 55413 | Zot:3    | Noticed Grunn
 55467 | Zot:3    | Killed Grunn
 56071 | Zot:3    | You are sucked into a shaft and drop 1 floor!
 56522 | Zot:4    | Noticed an orb of fire
 56522 | Zot:4    | Noticed an ancient lich
 56534 | Zot:4    | Killed an ancient lich
 56537 | Zot:4    | Killed an orb of fire
 56640 | Zot:4    | Found a transporter.
 56672 | Zot:4    | Found a transporter.
 56691 | Zot:4    | Found a transporter.
 56699 | Zot:4    | Noticed GrimJard's ghost (veteran MiFi)
 56699 | Zot:4    | Noticed a shard shrike
 56701 | Zot:4    | Noticed a shard shrike
 56714 | Zot:4    | Noticed a shard shrike
 56973 | Zot:4    | Found a transporter.
 57168 | Zot:4    | Found a transporter.
 57345 | Zot:4    | Found a transporter.
 57582 | Zot:5    | Entered Level 5 of the Realm of Zot
 57797 | Zot:5    | Noticed a Killer Klown
 57807 | Zot:5    | Killed a Killer Klown
 57943 | Zot:5    | Reached XP level 27. HP: 169/224 MP: 35/35
 58044 | Zot:5    | Noticed an ancient lich
 58044 | Zot:5    | Noticed an ancient lich
 58045 | Zot:5    | Noticed an ancient lich
 58046 | Zot:5    | Noticed an ancient lich
 58046 | Zot:5    | Noticed an orb of fire
 58046 | Zot:5    | Noticed an ancient lich
 58048 | Zot:5    | Noticed a dread lich
 58050 | Zot:5    | Noticed an ancient lich
 58330 | Zot:5    | Gained mutation: Potions are less effective at restoring
                  | your health. [an orb of fire]
 58333 | Zot:5    | Killed an orb of fire
 58513 | Zot:5    | Killed an ancient lich
 58520 | Zot:5    | Noticed an ancient lich
 58522 | Zot:5    | Noticed an orb of fire
 58530 | Zot:5    | Killed an ancient lich
 58536 | Zot:5    | Killed an ancient lich
 58542 | Zot:5    | Killed an orb of fire
 58546 | Zot:5    | Killed an ancient lich
 58547 | Zot:5    | Noticed an ancient lich
 58557 | Zot:5    | Killed a dread lich
 58560 | Zot:5    | Killed an ancient lich
 58561 | Zot:5    | Killed an ancient lich
 58571 | Zot:5    | Noticed an ancient lich
 58579 | Zot:5    | Killed an ancient lich
 58581 | Zot:5    | Killed an ancient lich
 59079 | Zot:5    | Noticed an ancient lich
 59091 | Zot:5    | Killed an ancient lich
 59142 | Zot:5    | Reached skill level 27 in Shapeshifting
 59238 | Zot:5    | Killed an ancient lich
 59504 | Zot:5    | Got the Orb of Zot
 59551 | Zot:3    | Noticed Zemiohir the pandemonium lord
 59559 | Zot:3    | Killed Zemiohir the pandemonium lord
 59675 | Depths:4 | Noticed Poiress the pandemonium lord
 59731 | Depths:2 | Noticed Deopeat the pandemonium lord
 60059 | D:1      | gg
 60059 | D:1      | 107 base damage
 60060 | D:$      | Escaped with the Orb!

Illustrated notes

##...............♣
....♣.♣#'''#♣.♣..♣
....♣###...###♣♣.♣
.♣♣♣##.......# ♣♣♣
♣♣####..8.8..####
###..#.......#..###
#....#.8...8°'....#
#....#...⌠...#°...#
#.⌠..'.8...8.#..v○#
#....#...8...#....#
###################


Turn 60059 on D:1: gg

Levels and vault maps discovered:
D:1:      sevenhm_arrival_forest_fort_large_2, layout_rooms,
          dreamdust_ecumenical_altar_sealed_demon
D:2:      layout_loops_ring, minmay_joined_circles
D:3:      layout_rooms, mainiacjoe_overflow_alcove_1, portal_sewer_entry_a,
          uniq_grinder, uniq_sigmund, uniq_crazy_yiuf_cottage, uniq_natasha
D:4:      layout_rooms, mainiacjoe_overflow_catch_the_wave,
          minmay_temple_entry_fiery
D:5:      layout_basic, minmay_shop_damaged
D:6:      layout_cave_pools, mainiacjoe_overflow_six_doors_small
D:7:      layout_basic, zin_statuary
D:8:      layout_loops_cross, minmay_unpleasant_kobolds, uniq_pikel
D:9:      layout_roguey, nicolae_dithmenos_through_a_glass_darkly,
          lair_entry_dummy, item_on_display_a
D:10:     layout_roguey, uniq_harold, uniq_amaemon, uniq_joseph, uniq_lodul
D:11:     layout_loops_ring, hiddenorc1_lemuel, serial_shops,
          bzr_entry_lakeside, serial_bayou, serial_bayou_shore_b,
          serial_bayou_pond_b, serial_bayou_ford_a, serial_bayou_pond_a,
          grunt_gozag_statues
D:12:     layout_basic
D:13:     layout_long_grid, lightli_vaults_fourway_checkpoint, bloody_trog
D:14:     hangedman_arrow_trap, layout_cave_pools,
          infiniplex_staircase_door_maze
D:15:     gammafunk_depths_entry_grave, layout_rooms, minivault_23,
          ebering_ghost_xom, serial_bayou, serial_bayou_crossing,
          serial_bayou_pond_d, serial_bayou_lagoon_b, serial_bayou_shore_a,
          serial_shops, shop, grunt_decor_junction, uniq_nessos
Lair:1:   layout_regular_city, serial_bayou_pond_d, uniq_gastronok
Lair:2:   layout_hall_layers, nicolae_shoals_entry_roost,
          spider_nest_entry_funnel_web, chequers_serial_rivers_large_a,
          chequers_serial_rivers_micro_c, grunt_forest_small_clearings
Lair:3:   layout_layer_cave
Lair:4:   layout_regular_city, beast_lair_carwin_5, infiniplex_staircase_pool_2
Lair:5:   gammafunk_lair_ancient_temple, layout_long_grid, slime_entry_1,
          chequers_serial_rivers_micro_d, infiniplex_staircase_pool,
          lemuel_fruit_fields
Shoals:1: layout_shoals
Shoals:2: layout_shoals, nicolae_shop_self_help
Shoals:3: nicolae_shoals_island_circles, layout_shoals, serial_shops, shop,
          gammafunk_ghost_necromancy, portal_ice_cave_entry_ice_statue_one
Shoals:4: shoals_end_grunt_ice, layout_shoals
Spider:1: layout_spider_delve, uniq_agnes
Spider:2: layout_chambers, nicolae_spider_moth_buddies, uniq_louise
Spider:3: layout_chambers, drop_trap
Spider:4: hellmonk_spider_rune_endless_swarm
Orc:1:    layout_caves, basic_altar, nicolae_orc_crystal_geode, uniq_jorgrun,
          uniq_snorg, uniq_sonja, uniq_josephine
Orc:2:    st_orc_pillars, layout_diamond_mine, serial_shops, shop, shop, shop,
          basic_altar, uniq_maurice, uniq_urug
Elf:1:    nicolae_elf_arrival_no_cutting_in_line, layout_gridlike,
          minmay_elf_demonology
Elf:2:    nicolae_elf_blades_splatter_lattice [nicolae_blade_lattice],
          layout_loops_cross, portal_desolation_entry_garden, basic_altar,
          uniq_roxanne
Elf:3:    minmay_elf_hall_furrowed, layout_geoelf_castle
Vaults:1: hangedman_vaults_stitches, nicolae_vaults_arrows, v_pattern_4,
          v_misc_2, nicolae_vaults_closet_pinwheel_4,
          nicolae_vaults_little_squares_1, nicolae_vaults_border_crossing,
          nicolae_vaults_little_squares_3, vaults_dpeg_hooks,
          layout_vaults_chaotic_city, serial_shops, shop,
          nicolae_shop_tiny_real_fake_doors, shop
Vaults:2: ontoclasm_vaults_pinch, nicolae_vaults_stepped_doors, v_misc_29,
          grunt_vaults_funnel, nicolae_vaults_tetromino_T_1,
          layout_vaults_quadrants, minmay_crypt_entry_nasty_monster,
          serial_shops, shop
Vaults:3: hangedman_vaults_maws, v_misc_27, nicolae_vaults_mush_room,
          vaults_standard_mumra_enter_the_diamond, v_misc_33,
          vaults_mumra_minichess_inversion, nicolae_vaults_more_shelving_1,
          nicolae_vaults_offset_grid_hallway_1, nicolae_vaults_rhombus_6,
          vaults_room_pools, layout_vaults_omnicross, uniq_aizul, uniq_sojobo
Vaults:4: ontoclasm_vaults_decontamination, nicolae_vaults_little_squares_3,
          v_rooms_1, nicolae_vaults_double_plus_1, nicolae_vaults_turnstiles,
          vaults_room_octagon, nicolae_vaults_network_s, nicolae_vaults_big_ls,
          v_misc_33, nicolae_vaults_six-pack, nicolae_vaults_security_offices_4,
          nicolae_vaults_asterisk, layout_vaults_maze_snakey
Vaults:5
Depths:1: nzn_winding_woodlands_small [nzn_winding_woodlands_5x15_sidewinder,
          nzn_winding_woodlands_center_pierced_h,
          nzn_winding_woodlands_5x15_lazy_stream], layout_gridlike,
          enter_ziggurat_e, minivault_14, grunt_pan_entry_zigzag, hell_entry,
          small_chamber_with_monster, hangedman_abyss_or_decor_clamps,
          fedhas_altar_2
Depths:2: minmay_inside_and_out, layout_honeycomb, hell_entry,
          rand_demon_pan_entry_1, tso_altar, hex_subvault_crossings
Depths:3: mu_elephants_graveyard, layout_basic, hellmouth_1,
          abyss_entry_small_statue_room, elyvilon_altar_3, uniq_xtahua, uniq_vv
Depths:4: grunt_zot_entry_alcove, layout_honeycomb, hell_entry,
          nicolae_qazlal_scattered_showers, minmay_shop_star
Zot:1:    layout_misc_corridors, drop_trap, grunt_megastairs_4
Zot:2:    layout_basic, nicolae_rock_paper_scissors
Zot:3:    lemuel_draconian_sentries, layout_concentric_octagons,
          nicolae_lava_and_water, st_stairs_8, uniq_grunn
Zot:4:    grunt_deathspiral_small, layout_cathedral_of_symmetry,
          gammafunk_ghost_berserking_beasts, nicolae_diode_intersection
Zot:5:    layout_cathedral_of_symmetry

Skill      XL: |  1  2  3  4  5  6  7  8  9 10 11 12 13 14 15 16 17 18 19 20 21 22 23 24 25 26 27 |
---------------+----------------------------------------------------------------------------------+-----
Fighting       | 2 3 4 5 6 7 8 10 12 14 15 16 17 18 20 | 20.0
Shapeshifting  | 4 5 6 7 8 10 14 15 16 18 20 21 22 25 27 | 27.0
Short Blades   | 1 4 |  4.0
Invocations    | 1 4 5 6 8 9 12 13 14 15 16 | 16.0
Evocations     | 4 6 |  6.0
Dodging        | 3 6 8 11 14 15 16 17 18 | 18.6
Unarmed Combat | 5 11 12 13 15 16 17 19 20 21 23 26 27 | 27.0
Armour         | 7 9 11 12 14 | 14.4

Action                     |  1- 3 |  4- 6 |  7- 9 | 10-12 | 13-15 | 16-18 | 19-21 | 22-24 | 25-27 || total
---------------------------+-------+-------+-------+-------+-------+-------+-------+-------+-------++-------
  Melee: Unarmed           |    63 |       |       |   200 |   850 |  1142 |  1175 |   939 |   783 ||  5152
         Punch             |     4 |     1 |     8 |    30 |    97 |   142 |    92 |   125 |   148 ||   647
         Short sword       |    28 |   105 |   237 |   284 |       |       |       |       |       ||   654
         Mace              |       |       |     7 |       |       |       |       |       |       ||     7
  Throw: Dart              |       |       |       |     1 |       |       |       |       |       ||     1
 Invoke: Upheaval          |       |       |       |     8 |    10 |    27 |     4 |     1 |    25 ||    75
         Disaster Area     |       |       |       |       |     3 |     7 |     4 |     1 |     4 ||    19
         Elemental Force   |       |       |       |       |     1 |     1 |       |     1 |       ||     3
Ability: Hop               |       |     2 |     1 |     5 |    10 |     3 |     4 |       |       ||    25
         Blinkbolt         |       |       |       |       |       |       |       |     5 |     4 ||     9
         Begin Untransform |       |       |       |       |       |       |       |     1 |       ||     1
  Evoke: Wand              |       |       |     2 |    27 |    10 |     8 |       |       |       ||    47
         Phantom mirror    |       |       |       |       |       |     1 |       |       |       ||     1
    Use: Scroll            |     3 |     8 |     3 |     6 |    16 |     9 |     6 |     3 |     8 ||    62
         Potion            |       |     1 |     1 |     7 |     3 |     5 |     2 |     3 |     4 ||    26
   Stab: Paralysed         |       |       |       |     4 |     1 |     1 |       |       |       ||     6
 Armour: Animal skin       |    21 |       |       |       |       |       |       |       |       ||    21
         Plate armour      |    32 |    85 |     4 |    40 |   135 |       |       |       |       ||   296
         Ring mail         |     4 |       |       |       |       |       |       |       |       ||     4
         Scale mail        |       |       |    82 |   100 |   155 |    28 |       |       |       ||   365
         Skin              |       |       |       |     4 |       |   584 |   541 |    71 |    58 ||  1258
         Chain mail        |       |       |       |       |       |   135 |       |       |       ||   135
  Dodge: Dodged            |    64 |    33 |   102 |   242 |   440 |  1492 |  1413 |   771 |   649 ||  5206
         Repelled          |       |       |       |     5 |     8 |    11 |    16 |     8 |    10 ||    58
  Block: Other             |     1 |    10 |    41 |    93 |   227 |   454 |   269 |   203 |   149 ||  1447
         Buckler           |       |       |       |       |       |       |   542 |    47 |       ||   589
         Reflection        |       |       |       |       |       |       |    14 |     1 |       ||    15
   Form: Blade             |       |       |       |     1 |     2 |       |       |       |       ||     3
         Beast             |       |       |       |     1 |     1 |       |       |       |       ||     2
                           |       |       |       |       |     1 |       |       |     1 |       ||     2
         Statue            |       |       |       |       |       |     1 |       |       |       ||     1
         Storm             |       |       |       |       |       |       |       |     3 |       ||     3
         Death             |       |       |       |       |       |       |       |     1 |       ||     1

Table legend: (Time is in decaauts)
 A = Elapsed time spent in this place.
 B = Non-inter-level travel time spent in this place.
 C = Inter-level travel time spent in this place.
 D = Time resting spent in this place.
 E = Time spent auto-exploring this place.
 F = Levels seen in this place.
 G = Mean time per level.
                   A        B        C        D        E       F      G
               +--------+--------+--------+--------+--------+-----+--------+
         Total |  69517 |  62744 |   6773 |  17419 |  31542 |  52 | 1336.9 |
       Dungeon |  19495 |  16734 |   2761 |   4938 |   8257 |  15 | 1299.7 |
          Lair |   8372 |   7574 |    798 |   3297 |   2791 |   5 | 1674.4 |
        Shoals |   7011 |   6716 |    295 |   2154 |   3245 |   4 | 1752.8 |
   Spider Nest |   6996 |   6746 |    250 |   1619 |   3795 |   4 | 1749.0 |
  Orcish Mines |   2023 |   1375 |    648 |    115 |    849 |   2 | 1011.5 |
   Elven Halls |   2594 |   2425 |    169 |      3 |   1738 |   3 |  864.7 |
        Vaults |   9551 |   8618 |    933 |   1487 |   5043 |   5 | 1910.2 |
        Depths |   5238 |   4704 |    534 |    688 |   2873 |   4 | 1309.5 |
           Zot |   5990 |   5608 |    382 |   2016 |   2481 |   5 | 1198.0 |
         Abyss |    311 |    311 |      0 |     36 |      0 |   1 |  311.0 |
        Bazaar |    258 |    258 |      0 |    149 |     49 |   1 |  258.0 |
         Sewer |    190 |    190 |      0 |    104 |     31 |   1 |  190.0 |
      Ice Cave |    723 |    723 |      0 |    622 |     10 |   1 |  723.0 |
    Desolation |    759 |    759 |      0 |    188 |    376 |   1 |  759.0 |
               +--------+--------+--------+--------+--------+-----+--------+

Top non-repeatable levels by time:
Vaults:1: 2515 daAuts
  Lair:1: 2385 daAuts
  Lair:2: 2332 daAuts
Spider:3: 2274 daAuts
Shoals:3: 2106 daAuts
Depths:1: 2012 daAuts
Vaults:2: 1933 daAuts
Vaults:3: 1911 daAuts
Shoals:4: 1893 daAuts
     D:9: 1887 daAuts
    D:11: 1857 daAuts
Spider:4: 1817 daAuts
Spider:2: 1753 daAuts
    D:13: 1747 daAuts
Vaults:4: 1743 daAuts
